Map: Arctic Dream LE

Players

qqq - Winner!

  • Race: Protoss Protoss
  • Spawn Location: 12:00

Massa - Winner!

  • Race: Terran Terran
  • League: Gold
  • Spawn Location: 11:00

Gavrik

  • Race: Protoss Protoss
  • League: Gold
  • Spawn Location: 5:00

TaSeAn

  • Race: Protoss Protoss
  • League: Gold
  • Spawn Location: 6:00

VOD

Have the link to the VOD?

Description

Time

  • Played on: July 18, 2020, 10:11 a.m.
  • Length: 13:29
Show
View Real Time Build Order
Export as new Build Order

qqq Protoss - Winner!

Build Orders: Double Forge 

Get SALT Encoding   

  12  0:01  Probe  
  13  0:18  Pylon  
  13  0:25  Probe  
  14  0:37  Probe  
  14  0:38  Forge  
  15  0:49  Probe  
  16  1:02  Probe  
  17  1:09  Pylon  
  17  1:14  Probe  
  18  1:30  Photon Cannon  
  18  1:59  Pylon  
  18  2:00  Photon Cannon  
  18  2:12  Pylon  
  18  2:19  Photon Cannon  
  18  2:20  Photon Cannon  
  18  2:22  Photon Cannon  
  18  2:23  Photon Cannon  
  18  2:25  Pylon  
  18  2:40  Forge  
  18  2:48  Pylon  
  16  3:19  Probe  
  13  3:31  Probe  
  14  3:40  Photon Cannon  
  14  3:43  Probe  
  15  3:55  Probe  
  15  3:59  Gateway  
  16  4:08  Probe  
  17  4:17  Pylon  
  17  4:20  Probe  
  18  4:36  Nexus  
  18  4:55  Photon Cannon  
  18  5:01  Photon Cannon  
  18  5:08  Zealot  
  20  5:23  Pylon  
  20  5:42  Photon Cannon  
  20  5:44  Pylon  
  20  6:03  Photon Cannon  
  20  6:04  Photon Cannon  
  20  6:14  Nexus  
  20  6:15  Probe  
  21  6:27  Probe  
  22  6:39  Probe  
  23  6:40  Zealot  
  25  6:51  Probe, Cybernetics Core  
  26  6:56  Assimilator  
  26  7:01  Assimilator  
  26  7:02  Probe  
  26  7:03  Probe  
  26  7:07  Zealot  
  30  7:15  Probe  
  30  7:21  Probe  
  32  7:28  Probe, Pylon  
  33  7:33  Probe  
  34  7:40  Probe  
  35  7:52  Probe  
  35  7:53  Stargate  
  35  7:57  Photon Cannon  
  36  7:59  Photon Cannon  
  36  8:00  Assimilator  
  36  8:04  Probe  
  37  8:06  Probe  
  38  8:15  Photon Cannon  
  38  8:16  Probe  
  38  8:18  Probe  
  40  8:28  Probe  
  40  8:30  Probe  
  40  8:32  Robotics Facility  
  42  8:37  Phoenix  
  42  8:40  Probe  
  45  8:42  Probe  
  46  8:52  Probe  
  46  8:54  Probe  
  48  9:04  Probe  
  48  9:06  Probe, Fleet Beacon  
  50  9:11  Assimilator  
  50  9:15  Assimilator  
  50  9:16  Probe  
  49  9:24  Phoenix  
  49  9:25  Shield Battery  
  49  9:26  Pylon  
  49  9:28  Probe x2  
  53  9:40  Probe  
  53  9:41  Phoenix  
  54  9:48  Probe  
  54  9:52  Probe  
  58  10:00  Probe  
  58  10:04  Probe  
  60  10:09  Nexus  
  60  10:12  Tempest, Probe, Pylon  
  66  10:16  Probe, Pylon  
  66  10:20  Pylon, Assimilator  
  67  10:22  Pylon  
  67  10:24  Probe, Pylon  
  69  10:28  Probe  
  69  10:34  Stargate  
  69  10:40  Probe  
  69  10:41  Photon Cannon  
  70  10:51  Mothership  
  70  10:52  Probe  
  84  11:04  Probe  
  85  11:12  Shield Battery  
  85  11:14  Shield Battery  
  85  11:15  Shield Battery  
  85  11:17  Probe  
  85  11:18  Photon Cannon  
  86  11:21  Photon Cannon  
  86  11:23  Photon Cannon  
  86  11:29  Probe  
  90  11:41  Probe  
  91  11:51  Stargate x2  
  91  11:55  Stargate  
  80  12:03  Nexus  
  70  12:56  Probe  
  70  12:57  Probe  
  72  13:08  Probe  
  72  13:09  Probe  
Show
View Real Time Build Order
Export as new Build Order

Massa Terran - Winner!

Build Orders:  

Get SALT Encoding   

  12  0:02  SCV  
  13  0:18  SCV  
  13  0:19  Supply Depot  
  14  0:30  SCV  
  15  0:44  Barracks  
  15  0:45  SCV  
  15  0:49  Refinery  
  16  0:57  SCV  
  17  1:09  SCV  
  17  1:34  SCV  
  17  1:38  Barracks Tech Lab, Barracks  
  18  1:46  SCV  
  19  1:51  Refinery  
  19  2:00  Marauder  
  21  2:12  Orbital Command  
  21  2:21  Barracks  
  21  2:22  Marauder  
  23  2:36  Barracks Tech Lab  
  23  2:56  Bunker  
  23  3:07  Factory  
  23  3:18  Concussive Shells  
  23  3:37  Barracks Tech Lab  
  23  3:42  Supply Depot  
  23  3:52  Factory Tech Lab, Supply Depot  
  23  4:04  SCV, Marauder x3  
  23  4:06  Supply Depot  
  23  4:08  Supply Depot  
  30  4:10  Supply Depot  
  30  4:14  Siege Tank  
  30  4:16  SCV  
  34  4:25  Marauder x2  
  38  4:33  Engineering Bay  
  38  4:51  Command Center  
  38  5:15  Marauder x3  
  44  5:36  Marauder x2, Siege Tank  
  44  5:38  SCV  
  52  5:50  SCV  
  53  6:31  Stimpack  
  53  6:45  Siege Tank  
  56  7:04  Missile Turret  
  56  7:06  Missile Turret  
  56  7:07  Missile Turret  
  56  7:09  Armory  
  56  7:14  Marine x3  
  62  7:22  Cyclone  
  62  7:31  Marine  
  62  7:32  Marine x2  
  65  7:38  Combat Shield  
  65  7:49  Marine  
  65  7:50  Marine x2  
  68  7:55  Cyclone  
  71  7:58  Terran Infantry Weapons Level 1  
  71  8:03  SCV x2  
  73  8:07  Marine  
  73  8:08  Refinery, Marine x2  
  73  8:10  Refinery  
  76  8:15  SCV x2  
  76  8:17  Terran Vehicle Weapons Level 1  
  78  8:27  Supply Depot  
  78  8:29  Supply Depot  
  78  8:48  SCV, Marine, Thor  
  78  8:51  SCV, Marine x2  
  89  9:00  SCV  
  90  9:03  SCV  
  91  9:13  SCV  
  91  9:15  SCV  
  93  9:23  Command Center  
  93  9:25  SCV  
  93  9:29  Factory  
  93  9:31  Armory  
  94  9:33  Engineering Bay  
  94  9:49  Missile Turret, Supply Depot x2  
  94  10:10  SCV, Marine x3  
  94  10:11  SCV, Thor  
  105  10:14  Supply Depot  
  105  10:15  Supply Depot  
  105  10:23  SCV x2  
  105  10:28  Marine x2  
  107  10:35  SCV x2  
  111  10:36  Orbital Command  
  111  10:37  Factory Tech Lab  
  111  10:53  Thor  
  117  10:58  Thor  
  123  11:09  Starport  
  123  11:17  SCV x3  
  126  11:29  SCV x3  
  126  11:32  Command Center  
  129  11:36  Missile Turret  
  129  11:41  SCV x3  
  129  11:47  Missile Turret  
  132  11:53  SCV  
  133  11:59  Missile Turret  
  133  12:06  Medivac  
  135  12:08  Missile Turret  
  135  12:19  Missile Turret  
  135  12:29  Missile Turret  
  135  12:39  Missile Turret  
  135  12:54  Missile Turret  
  135  13:00  Missile Turret  
Show
View Real Time Build Order
Export as new Build Order

Gavrik Protoss 

Build Orders:  

Get SALT Encoding   

  12  0:02  Probe  
  13  0:14  Probe  
  14  0:36  Pylon  
  14  0:37  Probe  
  15  0:55  Gateway  
  15  0:56  Gateway  
  15  1:02  Gateway  
  15  1:13  Gateway  
  15  1:46  Pylon  
  15  2:01  Zealot x2  
  15  2:02  Zealot x2  
  14  3:29  Nexus  
  14  4:49  Pylon  
  14  5:09  Forge  
  14  5:12  Probe  
  14  5:49  Photon Cannon  
  14  5:50  Photon Cannon  
  14  5:58  Probe  
  15  6:06  Probe  
  16  6:12  Pylon  
  16  6:15  Probe  
Show
View Real Time Build Order
Export as new Build Order

TaSeAn Protoss 

Build Orders: Cannon Rush 

Get SALT Encoding   

  12  0:12  Pylon  
  12  0:17  Probe  
  13  0:25  Probe  
  14  0:35  Forge  
  14  0:48  Gateway  
  14  1:05  Pylon  
  13  1:26  Photon Cannon  
  12  1:44  Photon Cannon  
  12  1:46  Photon Cannon  
  12  1:50  Photon Cannon  
  12  1:59  Pylon  
  12  2:07  Pylon  
  12  2:19  Probe  
  13  2:27  Probe  
  13  2:36  Probe  
  15  2:45  Photon Cannon  
  15  2:48  Probe  
  16  3:00  Probe  
  16  3:14  Assimilator  
  16  3:15  Probe  
  16  3:18  Assimilator  
  17  3:23  Probe  
  17  3:33  Probe  
  18  3:41  Nexus  
  19  3:42  Probe  
  20  3:50  Probe  
  21  3:59  Probe  
  22  4:11  Probe  
  23  4:20  Cybernetics Core  
  23  4:21  Probe  
  24  4:29  Probe  
  25  4:38  Probe  
  25  4:40  Pylon  
  26  4:50  Probe  
  27  5:02  Probe  
  27  5:05  Stargate  
  28  5:09  Probe, Stargate  
  28  5:13  Probe  
  29  5:17  Probe  
  29  5:18  Assimilator  
  29  5:20  Assimilator  
  31  5:21  Probe  
  31  5:26  Probe  
  32  5:29  Probe  
  34  5:38  Probe  
  34  5:41  Probe  
  36  5:45  Stargate  
  36  5:50  Probe  
  36  5:52  Void Ray  
  36  5:53  Probe  
  42  6:00  Probe  
  43  6:08  Probe  
  43  6:17  Probe  
  44  6:20  Pylon  
  44  6:21  Pylon x2  
  44  6:24  Pylon  
  45  6:29  Probe  
  46  6:38  Void Ray x2  
  54  6:41  Probe  
  55  6:48  Void Ray  
  55  6:53  Probe  
  60  7:11  Void Ray  
  60  7:21  Void Ray  
  68  7:25  Pylon  
  68  7:27  Pylon  
  68  7:29  Pylon  
  68  7:30  Protoss Air Armor Level 1  
  68  7:34  Void Ray  
  72  7:45  Pylon  
  72  7:48  Pylon  
  72  7:49  Pylon  
  72  7:53  Void Ray  
  72  7:54  Pylon  
  76  8:03  Void Ray  
  80  8:17  Void Ray  
  84  8:36  Void Ray  
  88  8:46  Void Ray  
  92  9:07  Pylon  
  92  9:09  Void Ray, Pylon  
  92  9:10  Void Ray  
  96  9:19  Void Ray  
  104  9:52  Protoss Air Weapons Level 1  
  104  9:53  Void Ray  
  108  10:02  Void Ray  
  108  10:14  Void Ray  
  112  10:38  Fleet Beacon  
  112  10:47  Void Ray  
  116  11:10  Void Ray  
Tags
 
Add a new tag
Caveats
  • Supply blocks, unpowered buildings, or Contaminate may cause inaccurate times.
  • Supply counts are checked every 10 seconds.